 Dungeon Crawl Stone Soup version 0.30.1-4-g462c640d31 (webtiles) character file.

Game seed: 8748730900761327791

779 GeoRichter the Slicer (level 7, -4/36 HPs)
             Began as a Vine Stalker Cinder Acolyte on Aug 16, 2023.
             Was a High Priest of Ignis.
             Slain by Prince Ribbit (7 damage)
             ... on level 4 of the Dungeon.
             The game lasted 00:08:17 (4559 turns).

GeoRichter the Slicer (Vine Stalker Cinder Acolyte) Turns: 4559, Time: 00:08:17

Health: -4/36      AC:  9    Str: 28    XL:     7   Next: 85%
Magic:  0/9        EV: 10    Int: 14    God:    Ignis [*****.]
Gold:   263        SH:  3    Dex: 10    Spells: 8/8 levels left

rFire   + . .        p - +6 dagger "Yruzuyn" {heavy, rPois Str+4}
rCold   . . .        m - +0 buckler
rNeg    . . .        d - +3 ring mail
rPois   +            (no helmet)
rElec   .            (no cloak)
rCorr   .            (no gloves)
SInv    .            x - +0 pair of boots
Will    .....        (no amulet) Stlth
                     r - +6 ring of strength
HPRegen 1.06/turn    (no ring)
MPRegen 0.11/turn

%: guardian spirit
@: invisible
A: fangs 2, regeneration 1, magic shield, antimagic bite, no potion heal 2
a: Renounce Religion, Fiery Armour, Foxfire Swarm, Rising Flame


You were on level 4 of the Dungeon.
You worshipped Ignis.
Ignis was extremely pleased with you.
You visited 1 branch of the dungeon, and saw 5 of its levels.
You also visited: Sewer.

You collected 263 gold pieces.

Inventory:

Hand Weapons
 p - the +6 dagger "Yruzuyn" (weapon) {heavy, rPois Str+4}
   (You found it on level 3 of the Dungeon)

   Str:       It affects your strength (+4).
   rPois:     It protects you from poison.
Missiles
 i - a throwing net {!f}
 j - 23 poisoned darts (quivered)
 l - 4 curare-tipped darts {!f}
Armour
 d - a +3 ring mail (worn)
   (You found it on level 1 of the Dungeon)
 e - a +2 helmet
   (You found it on level 1 of the Dungeon)
 m - a +0 buckler (worn)
   (You found it on level 2 of the Dungeon)
 x - a +0 pair of boots (worn)
   (You found it on level 4 of the Dungeon)
Jewellery
 r - a +6 ring of strength (left hand)
   (You found it on level 4 of the Dungeon)
Scrolls
 c - 3 scrolls of teleportation {@r4}
 h - a scroll of fear {unknown}
 n - 2 scrolls of identify {@r1}
Potions
 a - a potion of flight {unknown}
 b - 2 potions of curing {@q1}
 f - a potion of attraction {unknown}
 g - a potion of degeneration {unknown}
 k - 2 potions of magic {unknown}
 o - a potion of ambrosia {unknown}
 q - 4 potions of mutation {unknown}
 s - a potion of lignification {unknown}
 t - a potion of invisibility
 u - a potion of resistance {unknown}
 v - 2 potions of experience {unknown}
 w - 2 potions of might {unknown}


   Skills:
 * Level 3.2 Fighting
 - Level 8.0 Short Blades
 + Level 0.7 Armour
 - Level 1.1 Spellcasting
 - Level 3.0 Fire Magic


You had 8 spell levels left.
You didn't know any spells.
Your spell library contained the following spells:

 Spells                   Type           Power      Damage    Failure   Level
 Scorch                   Fire           18%        2d6       21%         2
 Magic Dart               Conj           0%         1d3       43%         1
 Call Imp                 Summ           0%         N/A       56%         2
 Ignite Poison            Fire/Tmut/Pois 3%         N/A       67%         3
 Mephitic Cloud           Conj/Pois/Air  0%         N/A       80%         3
 Ozocubu's Armour         Ice            0%         N/A       80%         3
 Summon Guardian Golem    Hex/Summ       0%         N/A       80%         3
 Ozocubu's Refrigeration  Ice            0%         4d7       100%        7
 Spellforged Servitor     Conj/Summ      0%         N/A       100%        7
 Summon Hydra             Summ           0%         N/A       100%        7
 Borgnjor's Revivificati  Necr           0%         N/A       100%        8
 Necromutation            Tmut/Necr      0%         N/A       100%        8
 Death's Door             Necr           0%         N/A       100%        9


Dungeon Overview and Level Annotations

Branches:
Dungeon (5/15) Zot: 25972  Temple (0/1) D:4           Sewer (visited)

Altars:
Gozag
Yredelemnul

Shops:
D:4 *

Annotations:
D:3 2 runed translucent doors, bobsyouruncle's ghost, amateur DjFE
D:4 Prince Ribbit


Innate Abilities, Weirdness & Mutations

You have extremely sharp teeth.
Your natural rate of healing is unusually fast.
When hurt, damage is shared between your health and your magic reserves.
Your bite disrupts and absorbs the magic of your enemies.
Potions cannot restore your health.


Message History

x - a +0 pair of boots The orc shouts!
There is an open door here.
There is an escape hatch in the floor here.
There is an escape hatch in the ceiling here.
There is an open door here.
There is an open door here.
There is an open door here.
Done exploring.
You start putting on your armour.
You continue putting on your +0 pair of boots. x4
You finish putting on your +0 pair of boots.
Done exploring.
Done exploring.
Done exploring.
You can't go down here!
Unknown command.
There is an open door here.
There is a stone staircase leading down here.
You climb downwards.
Prince Ribbit gives a loud, deep croak!
You hear a shout!
There is a stone staircase leading up here.
Prince Ribbit hits you!
You climb upwards.
There is a stone staircase leading down here.
You closely miss Prince Ribbit. Your bite misses Prince Ribbit.
Prince Ribbit hits you!
You miss Prince Ribbit. Your bite misses Prince Ribbit. Prince Ribbit hits you!
* * * LOW HITPOINT WARNING * * *
Prince Ribbit hits you.
* * * LOW HITPOINT WARNING * * *
You fade into invisibility!
Prince Ribbit asks, "Just a little smooch?"
Prince Ribbit hits you.
* * * LOW HITPOINT WARNING * * *
You closely miss Prince Ribbit. Your bite misses Prince Ribbit.
Prince Ribbit blinks!
Unknown command.
You hit Prince Ribbit. Your bite misses Prince Ribbit.
Prince Ribbit is lightly wounded.
Prince Ribbit hits you!
* * * LOW HITPOINT WARNING * * *
Throw: 5 darts (curare) {!f}
Press: ? - help, Shift-Dir - straight line, f - Prince Ribbit
Aim: Prince Ribbit (lightly wounded, unable to see you, 31% to hit)
You throw a curare-tipped dart {!f}.
The curare-tipped dart {!f} closely misses Prince Ribbit.
Prince Ribbit hits you!
You die...

#.#.##...[....##'##.......
#.#.##....................
#.#.##....................
#.#...........#...........
#.######......#...........
#....##..####.#...........
####.#..## #.#....#######
#...######.###### #
#>...F@.........# #
##########.####.# # #.# #.##
# #.# #..# # #.# ##### #
##### #.# #8... ####
###...#######.# #....$#.##
#(............# #..>..#..#
####.#...###########.....##.#


You could see Prince Ribbit (unable to see you).

Vanquished Creatures
  An ogre (D:4)
  A kobold brigand (Sewer)
  Blork the orc (D:4)
  A scorpion (D:4)
  2 orc priests (D:3)
  A sleepcap (D:4)
  An orc wizard (D:3)
  8 gnolls (D:3)
  14 adders
  6 river rats (Sewer)
  A worm (D:2)
  A dart slug (D:1)
  8 orcs
  12 endoplasms
  5 giant cockroaches
  6 goblins
  6 hobgoblins
  4 jackals (D:1)
  23 kobolds
  9 quokkas
  10 ball pythons
  5 bats
  A frilled lizard (D:1)
  25 rats
152 creatures vanquished.

Notes
Turn   | Place    | Note
-------+----------+-------------------------------------------
     0 | D:1      | GeoRichter the Vine Stalker Cinder Acolyte began the quest
                  | for the Orb.
     0 | D:1      | Reached XP level 1. HP: 11/11 MP: 3/3
    75 | D:1      | Reached skill level 3 in Short Blades
   134 | D:1      | Reached XP level 2. HP: 16/16 MP: 4/4
   549 | D:1      | Reached XP level 3. HP: 19/19 MP: 5/5
   848 | D:2      | Reached skill level 4 in Short Blades
   957 | D:2      | Gained mutation: Your natural rate of healing is unusually
                  | fast. [Vine Stalker growth]
   957 | D:2      | Reached XP level 4. HP: 13/23 MP: 6/6
  1342 | D:2      | Found a basalt altar of Yredelemnul.
  1672 | D:3      | Reached skill level 5 in Short Blades
  1672 | D:3      | Reached XP level 5. HP: 27/27 MP: 7/7
  1889 | D:3      | Found a large runed translucent door.
  1889 | D:3      | Found a large runed translucent door.
  1892 | D:3      | Noticed bobsyouruncle's ghost (amateur DjFE)
  1896 | D:3      | Identified the +6 dagger "Yruzuyn" {heavy, rPois Str+4}
  2198 | D:3      | Reached skill level 6 in Short Blades
  2198 | D:3      | Reached XP level 6. HP: 18/32 MP: 5/8
  2734 | D:4      | Found Gozag's Platinum Reserve.
  2745 | D:4      | Found an opulent altar of Gozag.
  2821 | D:4      | Found a glowing drain.
  2853 | Sewer    | Entered a sewer
  3075 | Sewer    | Reached skill level 7 in Short Blades
  3075 | Sewer    | Reached XP level 7. HP: 31/35 MP: 9/9
  3357 | D:4      | Got the Volume of Cankerous Company
  3374 | D:4      | Noticed Blork the orc
  3382 | D:4      | Killed Blork the orc
  3856 | D:4      | Reached skill level 8 in Short Blades
  4090 | D:4      | Found a staircase to the Ecumenical Temple.
  4546 | D:5      | Entered Level 5 of the Dungeon
  4546 | D:5      | Noticed Prince Ribbit
  4559 | D:4      | Slain by Prince Ribbit

Illustrated notes

Levels and vault maps discovered:
D:1:      lemuel_arrival_muddy, layout_loops_ring, minmay_misc_feat_diagonals
D:2:      layout_basic, basic_altar, minmay_misc_feat_iff, chequers_arboretum,
          kennysheep_generic_room_15
D:3:      layout_loops_corners, ebering_ghost_disaster_area,
          serial_bayou_pond_c, kennysheep_crisscross
D:4:      layout_basic, nicolae_gozag_zags_fifth_avenue,
          minmay_temple_entry_from_below_b, portal_sewer_entry_f,
          minmay_misc_feat_roman, uniq_blork_the_orc
D:5:      layout_rooms, grunt_temple_overflow_open,
          gammafunk_temple_overflow_wave, serial_shops,
          nicolae_shop_tiny_real_fake_doors, interstate_on_off,
          nicolae_concentric_dashed_squares_wild, roderic_lattice_a, hex_tiny,
          uniq_prince_ribbit1

Skill      XL: |  1  2  3  4  5  6  7 |
---------------+----------------------+-----
Short Blades   | 3 4 5 6 7 8 |  8.0
Fighting       | 3 |  3.2
Armour         | |  0.7
Spellcasting   | |  1.1
Fire Magic     | |  3.0

Action                     |  1- 3 |  4- 6 |  7- 9 || total
---------------------------+-------+-------+-------++-------
  Melee: Short sword       |    29 |       |       ||    29
         Bite              |    40 |    64 |    26 ||   130
         Dagger            |   133 |   285 |    79 ||   497
         Punch             |     1 |       |       ||     1
  Throw: Dart              |     4 |    13 |    15 ||    32
 Invoke: Fiery Armour      |       |     2 |       ||     2
    Use: Scroll            |       |     3 |       ||     3
         Potion            |       |       |     2 ||     2
 Armour: Ring mail         |    62 |   142 |    24 ||   228
         Robe              |     1 |       |       ||     1
  Dodge: Dodged            |    71 |   123 |    31 ||   225
  Block: Buckler           |     2 |    39 |    10 ||    51
